 Dungeon Crawl Stone Soup version 0.28-b1-1-g3c77fb2ed1 (webtiles) character file.

Game seed: 11958158633527137400

227 croobank the Covert (level 5, -1/21 HPs)
             Began as a Felid Delver on Jan 28, 2022.
             Was a Follower of Hepliaklqana.
             Slain by an orc priest (8 damage)
             ... on level 5 of the Dungeon.
             The game lasted 00:24:44 (4562 turns).

croobank the Covert (Felid Delver)                  Turns: 4562, Time: 00:24:45

Health: -1/21      AC:  1    Str:  7 (10) XL:     5   Next: 70%
Magic:  1/6        EV: 18    Int:  9 (11) God:    Hepliaklqana [*.....]
Gold:   121        SH:  0    Dex: 16 (18) Spells: 0/4 levels left
                                        Lives:  0   Deaths: 1

rFire   . . .      SeeInvis +     - Unarmed
rCold   . . .      Faith    .   (shield unavailable)
rNeg    . . .      Spirit   .   (armour unavailable)
rPois   .          Reflect  .   (helmet unavailable)
rElec   .          Harm     .   (cloak unavailable)
rCorr   .          Rampage  .   (gloves unavailable)
Will    .....                   (boots unavailable)
Stlth   ++++......              (no amulet)
HPRegen 0.07/turn               b - ring of flight
MPRegen 0.10/turn               f - ring of wizardry

@: brilliant, flying, quick
A: reduced essence, very small, claws 1, fangs 3, see invisible, speed 1, shaggy
fur 1, stealthy paws, no weapons or thrown items, no armour, multi-lived
a: Renounce Religion, Recall Ancestor, Ancestor Identity


You were on level 5 of the Dungeon.
You worshipped Hepliaklqana.
Hepliaklqana was aware of your devotion.
You visited 1 branch of the dungeon, and saw 6 of its levels.

You collected 121 gold pieces.

Inventory:

Missiles
 g - 217 stones
Jewellery
 b - a ring of flight (left paw)
 f - a ring of wizardry (right paw)
Wands
 c - a wand of polymorph (10)
Scrolls
 a - 2 scrolls of noise
 h - 3 scrolls of fog
Potions
 d - a potion of ambrosia


   Skills:
 + Level 3.4 Fighting
 + Level 4.0 Dodging
 + Level 9.2 Stealth
 + Level 3.9 Unarmed Combat
 + Level 0.1 Ice Magic


You couldn't memorise any spells.
You knew the following spells:

 Your Spells              Type           Power      Damage    Failure   Level
a - Freeze                Ice            0%         1d3       16%         1
b - Frozen Ramparts       Ice            0%         1d2       41%         3

Your spell library contained the following spells:

 Spells                   Type           Power      Damage    Failure   Level
 Hailstorm                Conj/Ice       0%         3d3       82%         4


Dungeon Overview and Level Annotations

Branches:
Dungeon (6/15)
 Temple: D:4-7

Altars:
Hepliaklqana

Annotations:
D:4 Pikel


Innate Abilities, Weirdness & Mutations

Your life essence is reduced to manifest your ancestor. (-10% HP)
You have sharp claws.
You have razor-sharp teeth.
You have supernaturally acute eyesight. (SInv)
You cover ground quickly. (Speed+)
You are covered in fur. (AC +1)
Your paws help you pounce on unaware monsters.
You are incapable of wielding weapons or throwing items.
You cannot wear armour.
You gain extra lives every three experience levels.


Message History

The orc priest invokes the aid of Beogh against you.
Pain shoots through your body!
The wall freezes the orc.
The wall freezes the orc priest.
The orc priest calls upon Beogh to heal the orc.
The orc's wounds heal themselves!
Okay, then.
You claw the orc priest! You bite the orc priest.
The orc priest is almost dead.
The wall freezes the orc priest.
The orc priest closely misses you.
The wall freezes the orc.
The orc misses you.
You scratch the orc priest.
You kill the orc priest!
The wall freezes the orc priest.
The orc priest closely misses you.
The wall freezes the orc.
The orc completely misses you.
Your Dodging skill increases to level 4!
You scratch the orc but do no damage. Your claw misses the orc.
The orc is heavily wounded.
The wall freezes the orc priest.
The orc priest casts a cantrip, but nothing happens.
The wall freezes the orc.
The orc misses you.
You scratch the orc.
You kill the orc!
The frozen ramparts melt away.
The orc priest hits you from afar with a +0 antimagic trident!
You feel your power leaking away.
Okay, then.
Okay, then.
Okay, then.
As you read the scroll labelled ELLOORCHOAGH, it crumbles to dust.
You hear a loud clanging noise!
It was a scroll of noise.
You hear a bellow! x3; You hear a shout! x2
The orc priest barely misses you.
Okay, then.
Aiming: Dig
Press: ? - help, Shift-Dir - straight line A rock wall.
The rock shatters into small pieces.
The now-empty wand crumbles to dust.
The orc priest hits you from afar with a +0 antimagic trident!
You die...

*,,,,,,,,,,,,,,,
#.#...........,,,,
#.#.............,,
#.#...............
#..#..............
#.##..............
#.##......).......
#.#*#......(......
#@# #o............
#.###.............
#oo.o##........#**
#.)..####..o..##
#.#.## #.....####
#.#.#####.......#.
#.....##..........
#.#...............
**###..#....####....


You could see an orc priest and an orc.

Vanquished Creatures
  A hound (D:4)
  2 orc priests
  An iguana (D:4)
  2 orc wizards
  7 adders
  A worm (D:2)
  A dart slug (D:1)
  7 orcs
  4 ball pythons
  4 endoplasms
  2 giant cockroaches (D:2)
  5 goblins
  6 hobgoblins
  4 jackals (D:2)
  2 quokkas (D:1)
  6 bats
  3 frilled lizards
  10 kobolds
  6 rats
74 creatures vanquished.

Vanquished Creatures (collateral kills)
  A hound zombie (D:5)
1 creature vanquished.

Vanquished Creatures (others)
  3 plants (D:2)
3 creatures vanquished.

Grand Total: 78 creatures vanquished

Notes
Turn   | Place    | Note
-------+----------+-------------------------------------------
     0 | D:5      | croobank the Felid Delver began the quest for the Orb.
     0 | D:5      | Reached XP level 1. HP: 10/10 MP: 2/2
    38 | D:5      | Noticed an iguana
    53 | D:5      | Noticed Pikel
    53 | D:5      | Noticed a lemure
    54 | D:5      | Noticed a lemure
    54 | D:5      | Noticed a lemure
    59 | D:4      | Noticed an orc warrior
    59 | D:4      | Noticed an orc priest
    61 | D:4      | Noticed an iguana
    90 | D:4      | Noticed a hound
   267 | D:2      | Reached skill level 7 in Stealth
   267 | D:2      | Reached XP level 2. HP: 14/14 MP: 3/3
   902 | D:1      | Reached XP level 3. HP: 14/17 MP: 4/4
  1459 | D:2      | Found a hazy altar of Hepliaklqana.
  1465 | D:2      | Became a worshipper of Hepliaklqana the Forgotten
  1771 | D:2      | Reached skill level 8 in Stealth
  1826 | D:2      | Reached XP level 4. HP: 19/21 MP: 5/5
  2676 | D:3      | Identified the +11 shortbow "Nenung" {speed, Fragile Str+2
                  | Dex+3}
  3478 | D:3      | Learned a level 1 spell: Freeze
  3487 | D:3      | Reached XP level 5. HP: 24/24 MP: 6/6
  3854 | D:4      | Killed from afar by an orc wizard
  3855 | D:4      | Reached XP level 4. HP: 0/21 MP: 5/5
  3884 | D:4      | Noticed a necrophage
  3884 | D:4      | Noticed a scorpion
  3981 | D:5      | HP: 1/21 [lemure[Pikel] (6)]
  3983 | D:5      | Noticed a lemure
  4015 | D:4      | Reached skill level 9 in Stealth
  4015 | D:4      | Reached XP level 5. HP: 12/24 MP: 6/6
  4072 | D:5      | Noticed a yak
  4073 | D:5      | Noticed a yak
  4073 | D:5      | Noticed a yak
  4203 | D:5      | Reached * piety under Hepliaklqana
  4274 | D:4      | HP: 1/21 [poisoned by an adder]
  4512 | D:6      | Noticed a sky beast
  4518 | D:6      | Learned a level 3 spell: Frozen Ramparts
  4545 | D:5      | Noticed a yak
  4562 | D:5      | Slain by an orc priest

Illustrated notes

Levels and vault maps discovered:
D:1:      eino_arrival_water_star, layout_rooms
D:2:      layout_loops_corners, serial_forest, infiniplex_forest_lined_4_way,
          infiniplex_forest_corner_2, infiniplex_forest_straight_3,
          infiniplex_forest_clump_diagonal, infiniplex_forest_clump_curved,
          infiniplex_forest_straight_1, infiniplex_forest_clump_diagonal,
          basic_altar
D:3:      layout_rooms
D:4:      layout_basic
D:5:      layout_layer_cave, mainiacjoe_overflow_six_doors_small,
          chequers_temple_overflow_statue_of_worship, uniq_pikel
D:6:      gammafunk_steamed_eel, layout_loops_ring,
          nicolae_hepliaklqana_monster_ancestors, doesnt_xom_only_xom,
          minmay_temple_entry_tees, roderic_serpentine_path

Skill      XL: |  1  2  3  4  5 |
---------------+----------------+-----
Stealth        | 7 8 9 |  9.2
Dodging        | 3 4 |  4.0
Unarmed Combat | 3 |  3.9
Fighting       | |  3.4
Ice Magic      | |  0.1

Action                   |  1- 3 |  4- 6 || total
-------------------------+-------+-------++-------
Melee: Unarmed           |    84 |   127 ||   211
       Bite              |     9 |     8 ||    17
       Punch             |       |     1 ||     1
 Cast: Freeze            |       |     1 ||     1
       Frozen Ramparts   |       |     1 ||     1
Evoke: Wand              |       |     3 ||     3
  Use: Scroll            |     1 |     7 ||     8
       Potion            |     1 |     9 ||    10
 Stab: Distracted        |     2 |     1 ||     3
       Sleeping          |    11 |     9 ||    20
Armor: Skin              |     5 |     3 ||     8
Dodge: Dodged            |    58 |   103 ||   161
